Map: Oxide LE

Players

Dream

  • Race: Terran Terran
  • Spawn Location: 1:00

LiquidClem (Clem) - Winner!

  • Race: Terran Terran
  • Spawn Location: 7:00

Event: Cheeseadelphia Winter Championship 2021

VOD

Have the link to the VOD?

Description

Time

  • Played on: Jan. 23, 2021, 6:11 p.m.
  • Length: 12:36

All games in this series

Show
View Real Time Build Order
Export as new Build Order

Dream Terran 

Build Orders:  

Get SALT Encoding   

  12  0:00  SCV  
  13  0:12  SCV  
  14  0:17  Supply Depot  
  14  0:24  SCV  
  15  0:38  SCV  
  15  0:40  Barracks  
  15  0:42  Refinery  
  16  0:50  SCV  
  16  0:54  Refinery  
  17  1:02  SCV  
  18  1:15  SCV  
  19  1:27  Orbital Command, Reaper  
  19  1:28  Supply Depot  
  20  1:40  Factory  
  20  1:52  SCV  
  21  1:59  Reaper  
  22  2:04  SCV  
  23  2:16  SCV  
  23  2:19  Command Center  
  24  2:26  Hellion  
  24  2:29  SCV  
  27  2:35  Starport  
  27  2:39  Barracks Reactor  
  27  2:41  SCV  
  28  2:46  Supply Depot  
  28  2:48  Factory Tech Lab  
  28  2:53  SCV  
  30  3:05  SCV  
  30  3:09  Siege Tank  
  33  3:15  Marine x2  
  33  3:18  Medivac  
  33  3:19  SCV  
  38  3:22  Refinery  
  38  3:30  Orbital Command  
  38  3:32  SCV  
  38  3:34  Marine  
  40  3:36  Marine  
  41  3:46  SCV  
  41  3:47  Cyclone  
  45  3:52  Viking  
  47  3:57  SCV  
  47  3:58  SCV  
  47  3:59  Marine  
  47  4:00  Marine  
  51  4:08  Supply Depot  
  51  4:09  SCV  
  52  4:20  Marine x2  
  52  4:23  SCV x2  
  52  4:35  Starport Tech Lab  
  52  4:37  SCV x2  
  54  4:40  Command Center  
  54  4:43  Siege Tank  
  59  4:49  Supply Depot, SCV  
  59  4:50  SCV  
  61  4:56  Raven  
  61  4:57  Supply Depot  
  61  5:02  SCV  
  61  5:06  Barracks  
  62  5:11  Supply Depot, SCV  
  63  5:16  Siege Tank  
  63  5:17  SCV  
  67  5:23  SCV  
  67  5:25  Barracks Reactor  
  68  5:28  Refinery  
  68  5:29  SCV  
  69  5:35  SCV  
  69  5:41  SCV  
  69  5:42  Engineering Bay  
  70  5:47  Engineering Bay, SCV  
  70  5:48  Medivac x2  
  75  5:56  SCV  
  77  5:57  Barracks  
  77  5:59  Barracks, Orbital Command  
  77  6:04  Barracks, SCV  
  76  6:08  SCV  
  76  6:10  Marine  
  76  6:11  Marine x2  
  79  6:16  SCV  
  79  6:28  Marine  
  79  6:29  Marine  
  79  6:31  Terran Infantry Armor Level 1, Terran Infantry Weapons Level 1  
  84  6:40  Siege Tank  
  84  6:41  Barracks Tech Lab  
  84  6:45  Marine  
  84  6:46  Marine x2  
  89  6:52  Marine  
  87  6:57  Starport  
  87  7:00  Stimpack, Marine  
  87  7:03  Supply Depot, Marine x2  
  87  7:04  Supply Depot, Marine  
  87  7:05  Supply Depot  
  88  7:10  Marine  
  88  7:12  Siege Tank  
  92  7:18  Marine  
  93  7:24  Marine x2  
  93  7:25  Barracks Reactor, Supply Depot  
  93  7:26  Supply Depot  
  93  7:28  SCV  
  93  7:29  SCV  
  98  7:36  Marine  
  99  7:42  Marine x2  
  98  7:46  Barracks Tech Lab  
  98  7:47  Starport Reactor  
  98  7:48  Siege Tank  
  100  7:54  Marine  
  101  8:00  Marine x2  
  101  8:04  Marine x2  
  102  8:11  Marine  
  102  8:12  SCV x2, Marine  
  96  8:17  Marine x2  
  96  8:19  Orbital Command  
  84  8:20  Siege Tank  
  84  8:22  Marine x2  
  84  8:24  SCV  
  89  8:28  SCV  
  89  8:29  Combat Shield  
  89  8:30  Medivac x2  
  94  8:35  Marine  
  94  8:36  SCV, Marine  
  94  8:37  Marine  
  94  8:40  SCV  
  97  8:46  SCV  
  99  8:48  SCV  
  99  8:56  SCV, Marine x2  
  99  8:57  Marine x4  
  99  9:00  SCV  
  102  9:06  SCV  
  87  9:14  Marine x4  
  87  9:15  Siege Tank, Marine  
  90  9:17  SCV x2  
  92  9:25  Armory  
  92  9:27  SCV  
  92  9:28  Marine  
  92  9:29  SCV  
  92  9:31  Barracks  
  95  9:32  Marine x2  
  95  9:33  Medivac x2  
  95  9:35  SCV  
  102  9:38  Marine x2  
  102  9:39  SCV, Marine  
  102  9:42  Sensor Tower, SCV  
  107  9:47  SCV  
  107  9:49  Siege Tank  
  107  9:50  Marine x2  
  113  9:55  Barracks Reactor, Factory, SCV  
  113  9:56  SCV, Marine  
  113  9:57  Marine x2  
  118  10:05  Command Center  
  118  10:06  SCV, Refinery  
  119  10:07  Refinery  
  119  10:08  SCV  
  119  10:09  SCV  
  119  10:12  Supply Depot  
  119  10:14  Terran Vehicle Weapons Level 1  
  121  10:18  Terran Infantry Armor Level 2, Terran Infantry Weapons Level 2  
  121  10:21  Barracks Reactor  
  121  10:22  SCV x2  
  121  10:23  SCV  
  121  10:27  Siege Tank  
  127  10:34  SCV  
  127  10:35  SCV  
  129  10:36  Marine  
  129  10:37  Marine x6  
  134  10:48  Siege Tank  
  137  10:54  Marine x4  
  141  10:58  Marine  
  141  11:00  Supply Depot  
  141  11:02  Supply Depot  
  141  11:03  Supply Depot  
  141  11:07  Marine  
  141  11:13  Marine  
  141  11:15  Medivac, Siege Tank, Marine x6  
  141  11:16  Marine  
  134  11:25  Marine  
  125  11:29  Siege Tank  
  125  11:31  Viking, Marine  
  126  11:33  Marine x6  
  126  11:34  Marine  
  133  11:42  Marine  
  133  11:45  Viking  
  133  11:47  Siege Tank  
  115  11:48  Marine  
  115  11:50  Marine x3  
  115  11:51  Marine x3  
  115  11:52  Marine  
  123  12:00  Marine  
  122  12:06  Marine  
  111  12:08  Marine x3  
  111  12:09  Marine x3  
  111  12:10  Marine  
  109  12:18  Marine  
Show
View Real Time Build Order
Export as new Build Order

LiquidClem Terran - Winner!

Build Orders: Reaper Expand 

Get SALT Encoding   

  12  0:00  SCV  
  13  0:12  SCV  
  14  0:17  Supply Depot  
  14  0:24  SCV  
  15  0:38  SCV  
  15  0:40  Barracks  
  16  0:44  Refinery  
  16  0:50  SCV  
  17  1:02  SCV  
  18  1:14  SCV  
  19  1:27  Orbital Command  
  19  1:34  Reaper  
  20  1:42  Command Center  
  20  1:52  SCV  
  21  1:54  Supply Depot  
  21  2:04  SCV  
  21  2:06  Marine  
  23  2:12  Factory  
  23  2:13  Refinery  
  23  2:16  SCV  
  24  2:24  Bunker, Marine  
  25  2:31  SCV  
  26  2:42  Marine  
  26  2:43  SCV  
  28  2:53  Orbital Command  
  28  2:56  SCV  
  28  2:57  Factory Tech Lab  
  29  2:58  Starport  
  29  3:00  Barracks Reactor  
  29  3:08  SCV  
  30  3:14  Refinery  
  30  3:15  Cyclone  
  30  3:19  SCV  
  34  3:21  SCV  
  34  3:25  Supply Depot  
  35  3:32  SCV  
  35  3:33  SCV  
  37  3:34  Viking  
  37  3:36  Marine  
  37  3:37  Marine  
  41  3:44  SCV  
  41  3:45  SCV  
  41  3:48  Siege Tank  
  46  3:53  Supply Depot  
  46  3:55  Marine  
  46  3:56  SCV  
  46  3:58  SCV, Marine  
  50  4:08  SCV, Starport Tech Lab  
  51  4:11  Supply Depot  
  51  4:12  SCV  
  51  4:13  Marine  
  51  4:16  Marine  
  54  4:20  SCV  
  54  4:24  SCV  
  56  4:30  Siege Tank  
  56  4:31  Raven  
  59  4:32  SCV  
  59  4:36  SCV, Marine x2  
  59  4:37  Supply Depot  
  65  4:44  SCV  
  66  4:51  SCV  
  67  4:54  Command Center  
  67  5:02  Siege Tank  
  67  5:03  Supply Depot, SCV  
  67  5:04  SCV  
  72  5:08  Refinery  
  72  5:15  Supply Depot, SCV  
  72  5:16  SCV  
  72  5:18  Marine  
  75  5:26  Supply Depot  
  75  5:28  Stimpack, Viking x2  
  79  5:34  Siege Tank  
  81  5:36  SCV x2  
  81  5:38  Supply Depot  
  81  5:41  Marine  
  84  5:44  Supply Depot  
  84  5:48  Barracks  
  84  5:50  Barracks, SCV x2  
  86  5:57  Liberator  
  86  5:59  Marine  
  90  6:04  Supply Depot  
  90  6:06  Siege Tank  
  90  6:08  Viking  
  95  6:12  SCV x2  
  95  6:17  Marine  
  98  6:24  SCV x2  
  100  6:29  Orbital Command  
  100  6:31  Engineering Bay  
  100  6:34  Marine  
  100  6:35  Engineering Bay  
  100  6:36  SCV  
  100  6:39  Barracks Reactor x2  
  102  6:42  SCV  
  102  6:44  Siege Tank  
  106  6:52  Marine  
  106  6:53  SCV  
  104  6:54  SCV  
  104  6:55  Viking  
  104  6:58  Viking  
  108  7:06  Terran Infantry Armor Level 1, Terran Infantry Weapons Level 1, SCV x2  
  108  7:10  Marine  
  108  7:11  SCV  
  110  7:17  Marine  
  110  7:18  SCV, Marine  
  110  7:21  Siege Tank  
  115  7:26  Marine  
  115  7:27  Marine  
  115  7:28  SCV, Marine  
  119  7:35  Marine  
  119  7:36  Marine  
  118  7:39  Medivac  
  118  7:40  SCV  
  121  7:44  Marine x2  
  121  7:46  Supply Depot, Marine  
  121  7:47  Barracks  
  121  7:48  Barracks, Refinery, SCV x2  
  121  7:49  Refinery  
  121  7:50  Combat Shield  
  126  7:53  Siege Tank, Marine  
  126  7:57  Marine  
  131  8:02  Supply Depot, SCV, Marine x2  
  131  8:05  SCV  
  135  8:07  SCV, Marine  
  131  8:15  Marine  
  131  8:16  SCV  
  131  8:18  Marine  
  117  8:20  Medivac x2  
  117  8:23  SCV x2  
  117  8:25  Supply Depot, Siege Tank  
  117  8:26  Marine x3  
  129  8:33  Armory, Marine  
  130  8:35  Marine  
  130  8:38  Barracks Reactor  
  131  8:44  Supply Depot  
  131  8:45  Sensor Tower, Marine x2  
  131  8:53  Marine x2  
  133  8:56  Marine  
  133  8:58  Command Center  
  133  9:00  Barracks Reactor, Medivac  
  127  9:02  Marine  
  127  9:03  Marine  
  127  9:04  Medivac  
  127  9:07  Siege Tank  
  118  9:11  Marine  
  118  9:14  Marine  
  118  9:15  Marine x2  
  120  9:20  Marine x2  
  121  9:27  Factory  
  121  9:29  Missile Turret, Marine  
  122  9:32  Missile Turret, Marine  
  122  9:33  Marine x2  
  122  9:35  Marine  
  122  9:37  Marine  
  122  9:38  Barracks Reactor, Marine x2  
  131  9:40  Viking x2  
  131  9:41  Siege Tank  
  136  9:46  Marine  
  136  9:49  Marine  
  136  9:51  Marine x2  
  140  9:53  Marine  
  140  9:54  Terran Infantry Armor Level 2, Terran Infantry Weapons Level 2  
  140  9:55  Marine  
  140  9:57  Marine x2  
  144  10:01  Terran Vehicle Weapons Level 1  
  144  10:04  SCV  
  144  10:05  SCV  
  146  10:07  SCV  
  147  10:15  Siege Tank  
  147  10:16  Viking x2  
  147  10:17  SCV x2  
  156  10:21  Siege Tank  
  156  10:23  Marine  
  156  10:24  Marine x3  
  163  10:30  Marine x4  
  163  10:31  Marine  
  169  10:36  Supply Depot  
  169  10:37  Planetary Fortress  
  169  10:39  SCV x2  
  169  10:40  SCV  
  171  10:45  Marine x2  
  171  10:46  Supply Depot, Marine x2  
  172  10:56  Siege Tank, Marine x2  
  172  10:57  Marine x2  
  176  11:01  Marine x2  
  176  11:02  Missile Turret  
  176  11:03  Marine  
  181  11:06  Liberator  
  181  11:07  Liberator  
  161  11:18  Siege Tank, Marine x4  
  161  11:19  Marine x2  
  161  11:20  Marine x3  
  161  11:21  Marine  
  166  11:34  Siege Tank  
  166  11:36  Marine x4  
  166  11:37  Marine x3  
  166  11:38  Marine  
  176  11:43  Marine x2  
  169  11:50  Siege Tank, Refinery x2  
  169  11:51  Starport  
  170  11:54  Marine x4  
  170  11:55  Marine x3  
  170  11:56  Command Center  
  176  12:02  Marine  
  176  12:06  Marine x2  
  181  12:12  Marine  
  181  12:14  Marine  
  181  12:15  Marine x2  
  181  12:17  Marine x2  
Tags
 
Add a new tag
Caveats
  • Supply blocks, unpowered buildings, or Contaminate may cause inaccurate times.
  • Supply counts are checked every 10 seconds.